 Dungeon Crawl Stone Soup version 0.28-a0-683-ga8797d1ae1 (webtiles) character file.

Game seed: 10465737810540349082

260 ytrimaz the Covered (level 6, -4/51 HPs)
             Began as a Formicid Fighter on Oct 18, 2021.
             Was a Follower of Okawaru.
             Killed from afar by Ijyb (13 damage)
             ... with a bolt of acid
             ... on level 3 of the Dungeon.
             The game lasted 00:04:07 (2700 turns).

ytrimaz the Covered (Formicid Fighter)              Turns: 2700, Time: 00:04:07

Health: -4/51      AC:  8    Str: 23    XL:     6   Next: 41%
Magic:  4/6        EV: 11    Int:  7    God:    Okawaru [*.....]
Gold:   49         SH:  5    Dex: 10    Spells: 5/5 levels left

rFire   . . .      SeeInvis +   a - +0 war axe
rCold   . . .      Faith    .   c - +0 buckler
rNeg    . . .      Spirit   .   b - +0 scale mail
rPois   .          Reflect  .   (helmet unavailable)
rElec   .          Harm     .   (no cloak)
rCorr   .          Rampage  .   (no gloves)
Will    .....                   (no boots)
Stlth   +.........              (no amulet)
HPRegen 0.17/turn               (no ring)
MPRegen 0.10/turn               (no ring)

@: heroic
A: permanent stasis, dig shafts and tunnels, antennae 3, four strong arms
a: Dig, Shaft Self, Renounce Religion, Heroism


You were on level 3 of the Dungeon.
You worshipped Okawaru.
Okawaru was aware of your devotion.
You visited 1 branch of the dungeon, and saw 3 of its levels.

You collected 49 gold pieces.

Inventory:

Hand Weapons
 a - a +0 war axe (weapon)
Armour
 b - a +0 scale mail (worn)
 c - a +0 buckler (worn)
Wands
 k - a wand of mindburst (10)
Scrolls
 f - a scroll of torment {unknown}
 g - a scroll of enchant armour {unknown}
 h - a scroll of noise {unknown}
 j - a scroll of magic mapping {unknown}
 l - a scroll of teleportation {unknown}
Potions
 d - a potion of brilliance {unknown}
 e - 2 potions of cancellation {unknown}
 i - 2 potions of resistance {unknown}


   Skills:
 * Level 5.6(10.6) Fighting
 - Level 2.0(7.0) Axes
 * Level 5.7(10.7) Armour
 - Level 3.6(8.6) Shields
 * Level 0.5 Invocations


You had 5 spell levels left.
You didn't know any spells.
Your spell library was empty.

Dungeon Overview and Level Annotations

Branches:
Dungeon (3/15)

Altars:
Okawaru

Shops:
D:1 *

Annotations:
D:3 Ijyb


Innate Abilities, Weirdness & Mutations

You cannot be hasted, slowed, berserked, paralysed or teleported.
You can dig through walls and to a lower floor.
You have a pair of large antennae on your head. (SInv)
Your four strong arms can wield two-handed weapons with a shield.


Message History

Things that are here:
a +0 dagger; a goblin corpse Unknown command.
The goblin hits you with a +0 club.
Unknown command.
The goblin hits you with a +0 club. The goblin barely misses you.
You barely miss the goblin. The goblin hits you but does no damage.
You closely miss the goblin. The goblin hits you with a +0 club.
You block the goblin's attack.
You barely miss the goblin. The goblin hits you but does no damage.
You closely miss the goblin. The goblin closely misses you.
The goblin hits you but does no damage.
Unknown command.
You hit the goblin.
The goblin is severely wounded.
You block the goblin's attack.
You hit the goblin.
You kill the goblin!
Okawaru accepts your kill.
Things that are here:
a +0 club; a goblin corpse You see here 23 arrows.
Found a stone staircase leading down.
You sense a monster nearby. 2 orcs and Ijyb come into view.
Ijyb is wielding a +0 dagger and carrying a wand of acid (12).
An orc is wielding a +1 vampiric whip.
Found a stone staircase leading down.
Ijyb shouts!
The orc shouts!
An orc comes into view. It is wielding a +0 hand axe.
An orc comes into view. It is wielding a +0 flail.
You gain the combat prowess of a mighty hero.
The orc shouts! x2
Ijyb zaps a wand.
The bolt of acid hits you!!!
Ouch! That really hurt!
* * * LOW HITPOINT WARNING * * *
Ijyb zaps a wand.
The bolt of acid hits the orc!
The acid corrodes the orc!
The orc dies!
The bolt of acid hits you!
You die...

################.........
# #.......#.>....... ####
###...............# ...#
#.....###.##o.o...# ...#
#.....# # #g.....
...###.....###.##)o..
..(......#...#.....##+###
...###..####.####........
...# #..# #....@^.......
...# #..# #####>........
...# #..# #.#+###### ...#
#..# #.# ...# #..# #.#
...# #..# #.# ...# #.#
#### #.#


You could see Ijyb and 3 orcs.

Vanquished Creatures
  Sigmund (D:2)
  Crazy Yiuf (D:2)
  3 adders (D:2)
  2 dart slugs (D:1)
  7 ball pythons
  5 endoplasms
  4 giant cockroaches
  5 goblins
  2 hobgoblins (D:3)
  2 quokkas (D:1)
  A bat (D:1)
  8 kobolds
  4 rats
45 creatures vanquished.

Vanquished Creatures (others)
  An orc (D:3)
1 creature vanquished.

Grand Total: 46 creatures vanquished

Notes
Turn   | Place    | Note
-------+----------+-------------------------------------------
     0 | D:1      | ytrimaz the Formicid Fighter began the quest for the Orb.
     0 | D:1      | Reached XP level 1. HP: 18/18 MP: 1/1
   108 | D:1      | Reached XP level 2. HP: 6/24 MP: 2/2
   460 | D:1      | Found a faded altar of an unknown god.
   469 | D:1      | Found Donat's Assorted Antiques.
   471 | D:1      | You fall into a shaft and drop 1 floor!
   480 | D:2      | Found a runed translucent door.
   481 | D:2      | Noticed Crazy Yiuf
   609 | D:2      | Found an iron altar of Okawaru.
   629 | D:2      | Became a worshipper of Warmaster Okawaru
   648 | D:2      | Noticed Sigmund
   675 | D:2      | Killed Sigmund
   675 | D:2      | Reached * piety under Okawaru
   675 | D:2      | Reached ** piety under Okawaru
   676 | D:2      | Reached skill level 5 in Fighting
   676 | D:2      | Reached skill level 5 in Armour
   676 | D:2      | Reached XP level 3. HP: 15/33 MP: 3/3
   676 | D:2      | Reached XP level 4. HP: 17/39 MP: 4/4
   676 | D:2      | Reached XP level 5. HP: 20/44 MP: 5/5
  1048 | D:1      | Reached XP level 6. HP: 49/51 MP: 6/6
  2304 | D:2      | Killed Crazy Yiuf
  2697 | D:3      | Noticed Ijyb
  2700 | D:3      | Killed from afar by Ijyb

Illustrated notes

Levels and vault maps discovered:
D:1:      dpeg_arrival_connections, layout_basic, serial_shops, shop,
          basic_ecumenical_altar
D:2:      layout_loops_corners, basic_altar, uniq_sigmund,
          uniq_crazy_yiuf_cottage
D:3:      layout_basic, eat_drink_and_be_merry_uskayaw,
          kennysheep_generic_room_14, uniq_ijyb

Skill      XL: |  1  2 |
---------------+-------+-----
Fighting       | 5 |  5.6
Armour         | 5 |  5.7
Axes           | |  2.0
Shields        | |  3.6
Invocations    | |  0.5

Action                   |  1- 3 |  4- 6 || total
-------------------------+-------+-------++-------
Melee: War axe           |    34 |   121 ||   155
Invok: Heroism           |       |     2 ||     2
  Use: Potion            |     3 |       ||     3
Armor: Scale mail        |    15 |    57 ||    72
Dodge: Dodged            |    19 |    54 ||    73
Block: Buckler           |     9 |    27 ||    36

Table legend: (Time is in decaauts)
 A = Elapsed time spent in this place.
 B = Non-inter-level travel time spent in this place.
 C = Inter-level travel time spent in this place.
 D = Time resting spent in this place.
 E = Time spent auto-exploring this place.
 F = Levels seen in this place.
 G = Mean time per level.
                   A        B        C        D        E       F      G
               +--------+--------+--------+--------+--------+-----+--------+
         Total |   2760 |   2647 |    113 |    320 |   1791 |   3 |  920.0 |
       Dungeon |   2760 |   2647 |    113 |    320 |   1791 |   3 |  920.0 |
               +--------+--------+--------+--------+--------+-----+--------+

Top non-repeatable levels by time:
     D:2: 1473 daAuts
     D:1: 991 daAuts
     D:3: 295 daAuts
